 Dungeon Crawl Stone Soup version 0.26-a0-712-ga5a9c9c9d0 (webtiles) character file.

Game seed: 16504022103592273923

73 Arthanis the Skirmisher (level 4, -1/43 HPs)
             Began as a Gargoyle Berserker on Nov 7, 2020.
             Was a Believer of Trog.
             Slain by a gnoll
             ... wielding a +0 club
              (5 damage)
             ... on level 3 of the Dungeon.
             The game lasted 00:01:33 (1977 turns).

Arthanis the Skirmisher (Gargoyle Berserker)        Turns: 1977, Time: 00:01:34

Health: -1/43      AC:  8    Str: 21    XL:     4   Next: 27%
Magic:  4/4        EV: 12    Int:  8    God:    Trog [**....]
Gold:   121        SH:  0    Dex:  9    Spells: 3/3 levels left

rFire    . . .     SeeInvis .   a - +0 hand axe
rCold    . . .     Faith    .   (no shield)
rNeg     + . .     Spirit   .   b - +0 animal skin
rPois    ∞         Reflect  .   (no helmet)
rElec    +         Harm     .   (no cloak)
rCorr    .         Rampage  .   p - +0 pair of gloves
MR       .....                  k - +0 pair of boots
Stlth    ..........             (no amulet)
HPRegen  0.14/turn              (no ring)
MPRegen  0.09/turn              (no ring)

@: berserking (expiring), very quick
A: negative energy resistance 1, electricity resistance, unbreathing,
petrification resistance, rot immunity, AC +3
a: Berserk, Trog's Hand, Renounce Religion


You were on level 3 of the Dungeon.
You worshipped Trog.
Trog was pleased with you.
You visited 1 branch of the dungeon, and saw 3 of its levels.

You collected 121 gold pieces.

Inventory:

Hand Weapons
 a - a +0 hand axe (weapon)
Armour
 b - a +0 animal skin (worn)
 k - a +0 pair of boots (worn)
 p - a +0 pair of gloves (worn)
Jewellery
 s - an uncursed ring of ice
Scrolls
 c - 2 scrolls of teleportation {unknown}
 e - 2 scrolls of random uselessness {unknown}
 g - a scroll of magic mapping {unknown}
 h - 2 scrolls of remove curse {unknown}
 i - a scroll of immolation {unknown}
 l - 3 scrolls of identify {unknown}
 o - a scroll of enchant weapon {unknown}
 r - a scroll of blinking {unknown}
Potions
 d - a potion of ambrosia {unknown}
 f - 2 potions of curing {unknown}
 j - a potion of degeneration {unknown}
 m - a potion of resistance {unknown}
 n - 2 potions of lignification {unknown}
 q - a potion of berserk rage {unknown}


   Skills:
 + Level 3.8 Fighting
 * Level 3.6 Axes
 + Level 2.9 Armour
 - Level 2.0 Dodging


You had 3 spell levels left.
You didn't know any spells.
Your spell library was empty.

Dungeon Overview and Level Annotations

Branches:
Dungeon (3/15)

Altars:
Ru
Xom


Innate Abilities, Weirdness & Mutations

You are resistant to torment.
Your stone body is resilient. (AC +3)
You are immune to poison.
You resist negative energy. (rN+)
You are resistant to electric shocks. (rElec)
You can survive without breathing.
You are immune to petrification.
You are immune to rotting.


Message History

* * * LOW HITPOINT WARNING * * *
You slash the gnoll!
You kill the gnoll!
Trog accepts your kill.
You have reached level 4!
You feel stronger.
You closely miss the gnoll. You barely miss the gnoll.
The gnoll hits you but does no damage.
The gnoll hits you from afar with a +0 spear.
* * * LOW HITPOINT WARNING * * *
The gnoll barely misses you. The gnoll closely misses you.
You slash the gnoll!
The gnoll is severely wounded.
You closely miss the gnoll. You hit the gnoll. The gnoll misses you.
You slash the gnoll!
You kill the gnoll!
Trog accepts your kill.
You hit the gnoll. You barely miss the gnoll.
The gnoll hits you with a +0 club.
You die...

.# #.# #.# ##+##
#.# ##...## ## #.#
##.....##
##.##.###.......##
##...#.##.........#
#....<..+..g.)....+
##.<.#.##...@.....#
##......#..g....##
#.##.#.##.....## #.
#.#$###...## ..
..#.# ##+## ##
####.# #.# ..# ###


You could see 2 gnolls.

Vanquished Creatures
  2 gnolls (D:3)
  An adder (D:2)
  An ooze (D:2)
  A dart slug (D:1)
  4 giant cockroaches
  8 goblins
  7 hobgoblins
  6 bats
  4 frilled lizards (D:1)
  4 rats
38 creatures vanquished.

Notes
Turn   | Place    | Note
-------+----------+-------------------------------------------
     0 | D:1      | Arthanis the Gargoyle Berserker began the quest for the
                  | Orb.
     0 | D:1      | Reached XP level 1. HP: 14/14 MP: 1/1
   143 | D:1      | Reached XP level 2. HP: 19/19 MP: 2/2
   601 | D:1      | Reached XP level 3. HP: 18/23 MP: 3/3
   957 | D:1      | Found a shimmering altar of Xom.
  1272 | D:2      | Reached ** piety under Trog
  1299 | D:2      | Found a shimmering altar of Xom.
  1299 | D:2      | Found a sacrificial altar of Ru.
  1974 | D:3      | Reached XP level 4. HP: 9/29 MP: 4/4
  1977 | D:3      | Slain by a gnoll

Illustrated notes

Levels and vault maps discovered:
D:1:      dpeg_arrival_water_altar, layout_basic
D:2:      layout_basic, gammafunk_temple_overflow_wave
D:3:      layout_loops_corners, kennysheep_ying_yang,
          nemelex_xobeh_ov_fountains_minmay, lemuel_coloured_pillars_altar,
          kennysheep_small_spiral

Skill      XL: |  1  2  3 |
---------------+----------+-----
Axes           | 3 |  3.6
Dodging        | 2 |  2.0
Fighting       | |  3.8
Armour         | |  2.9

Action                   |  1- 3 |  4- 6 || total
-------------------------+-------+-------++-------
Melee: Hand axe          |   121 |     2 ||   123
Invok: Berserk           |     1 |       ||     1
 Stab: Sleeping          |     2 |       ||     2
Armor: Animal skin       |    54 |     1 ||    55
Dodge: Dodged            |    95 |     3 ||    98

Table legend: (Time is in decaauts)
 A = Elapsed time spent in this place.
 B = Non-inter-level travel time spent in this place.
 C = Inter-level travel time spent in this place.
 D = Time resting spent in this place.
 E = Time spent auto-exploring this place.
 F = Levels seen in this place.
 G = Mean time per level.
                   A        B        C        D        E       F      G
               +--------+--------+--------+--------+--------+-----+--------+
         Total |   1993 |   1934 |     59 |      0 |   1637 |   3 |  664.3 |
       Dungeon |   1993 |   1934 |     59 |      0 |   1637 |   3 |  664.3 |
               +--------+--------+--------+--------+--------+-----+--------+

Top non-repeatable levels by time:
     D:1: 1007 daAuts
     D:2: 974 daAuts
     D:3: 11 daAuts
